AoeStats
← 小桦

Arabia

509525236Analyzed
2v2 RM · 5d ago on Sep 27, 2026· 42m 42s· 4 players
Game mode
Random Map
Map size
Medium (4 player)
Population
200
Speed
Normal
Resources
Standard
Victory
Conquest
Starting age
Dark Age
Ending age
Imperial Age
RankedLock teamsTeams togetherTeam positionsShared explorationLock speedFull tech treeHidden civsTurbo modeCheats
Victory
Defeat
🇨🇳 Koreans · China
1465
+8
1211
+18
🇭🇰 Britons · Hong Kong SAR China
1295
-14
🇲🇽 Magyars · Mexico
1253
-12
FatFizt
6:50 Loom
9:52 Feudal Age
10:27 Double-Bit Axe
12:00 Horse Collar
17:25 Wheelbarrow
20:12 Castle Age
18:37 Fletching
19:37 Gold Mining
20:17 Light Cavalry
21:14 Bow Saw
22:14 Husbandry
22:37 Bodkin Arrow
25:19 Padded Archer Armor
27:09 Town Watch
28:15 Guard Tower
32:46 Ballistics
32:42 Bloodlines
34:15 Pikeman
35:52 Scale Mail Armor
40:24 Hand Cart
40:56 Murder Holes
Dragerwoods
6:14 Loom
9:42 Feudal Age
10:10 Double-Bit Axe
13:09 Fletching
17:10 Wheelbarrow
20:25 Castle Age
18:55 Padded Archer Armor
18:57 Gold Mining
19:18 Horse Collar
20:31 Crossbowman
21:21 Town Watch
31:10 Imperial Age
29:59 Pikeman
30:40 Squires
31:16 Arbalester
31:52 Bodkin Arrow
34:08 Murder Holes
34:50 Ballistics
35:39 Bracer
35:55 Leather Archer Armor
36:15 Bow Saw
38:51 Chemistry
39:26 Yeomen
41:47 Conscription
42:45 Warwolf
小桦
6:30 Loom
9:02 Feudal Age
11:15 Double-Bit Axe
11:18 Town Watch
18:11 Fletching
23:20 Castle Age
21:47 Gold Mining
23:08 Horse Collar
23:27 Crossbowman
24:42 Bodkin Arrow
26:28 Gold Shaft Mining
26:09 Bow Saw
27:44 Gold Shaft Mining
27:48 Wheelbarrow
29:32 Thumb Ring
30:49 Ballistics
30:54 Hand Cart
36:40 Imperial Age
34:36 Stone Mining
38:35 Chemistry
37:37 Bracer
37:05 Arbalester
40:24 Coinage
传奇耐电王汤恩伯
2:31 Loom
11:39 Feudal Age
12:24 Double-Bit Axe
15:52 Horse Collar
19:35 Castle Age
19:45 Bloodlines
20:25 Scale Barding Armor
20:29 Husbandry
21:19 Gold Mining
24:51 Chain Barding Armor
29:51 Wheelbarrow
34:30 Forging
39:37 Hand Cart
42:14 Iron Casting
44:18 Imperial Age
41:35 Town Watch
Connection lost

Rejoining the realm…

Still unreachable

The connection could not be restored.

Session expired

The server has moved on; the page needs a fresh start.